Map: Altitude LE

Players

Zain

  • Race: Protoss Protoss
  • League: Diamond
  • Spawn Location: 7:00

DRG - Winner!

  • Race: Zerg Zerg
  • Spawn Location: 1:00

Event: ESL SC2 Masters 2023 Summer (Finals)

VOD

Have the link to the VOD?

Description

Time

  • Played on: June 16, 2023, 5:05 a.m.
  • Length: 7:31

All games in this series

Show
View Real Time Build Order
Export as new Build Order

Zain Protoss 

Build Orders: 1 Gate Expand, Oracle Opening 

Get SALT Encoding   

  12  0:00  Probe  
  13  0:12  Probe  
  14  0:19  Pylon  
  14  0:24  Probe  
  15  0:37  Probe (Chrono Boost)  
  15  0:40  Gateway  
  16  0:46  Probe (Chrono Boost)  
  17  0:50  Assimilator  
  17  0:53  Probe  
  18  1:05  Probe  
  19  1:17  Probe  
  20  1:27  Nexus  
  20  1:37  Cybernetics Core  
  20  1:41  Probe  
  20  1:46  Assimilator  
  21  1:53  Probe  
  22  1:56  Pylon  
  22  2:05  Probe  
  23  2:15  Stalker  
  23  2:17  Probe (Chrono Boost)  
  26  2:27  Probe (Chrono Boost), Stargate  
  27  2:32  Probe (Chrono Boost)  
  28  2:39  Probe (Chrono Boost)  
  29  2:44  Probe (Chrono Boost)  
  29  2:47  Adept  
  29  2:49  Probe (Chrono Boost)  
  29  2:50  Probe (Chrono Boost)  
  33  2:54  Probe (Chrono Boost)  
  33  2:58  Probe  
  34  3:05  Probe, Pylon  
  36  3:08  Oracle (Chrono Boost)  
  36  3:10  Probe  
  40  3:17  Probe  
  41  3:20  Gateway  
  41  3:22  Probe  
  42  3:29  Probe  
  44  3:34  Probe  
  44  3:38  Oracle  
  47  3:46  Probe  
  47  3:47  Nexus  
  48  3:50  Probe  
  49  3:56  Pylon  
  49  3:58  Probe  
  49  4:02  Probe  
  51  4:07  Twilight Council  
  51  4:10  Probe  
  51  4:14  Probe  
  53  4:19  Shield Battery  
  53  4:22  Probe, Assimilator  
  53  4:23  Warp Gate (Chrono Boost)  
  54  4:24  Assimilator  
  54  4:26  Probe  
  54  4:27  Pylon  
  55  4:34  Probe  
  56  4:38  Probe  
  56  4:40  Blink (Chrono Boost)  
  57  4:46  Probe  
  57  4:50  Probe  
  59  4:55  Pylon  
  59  4:59  Probe  
  60  5:02  Probe  
  61  5:07  Probe  
  61  5:11  Probe  
  61  5:13  Gateway  
  61  5:14  Shield Battery  
  63  5:15  Probe  
  63  5:16  Gateway  
  63  5:18  Gateway  
  63  5:19  Probe  
  65  5:23  Probe  
  65  5:27  Probe  
  67  5:30  Fleet Beacon  
  67  5:31  Probe  
  67  5:33  Stargate  
  67  5:35  Probe  
  69  5:39  Probe, Assimilator  
  69  5:41  Assimilator  
  69  5:43  Probe  
  69  5:47  Probe  
  71  5:51  Probe  
  71  5:55  Probe  
  73  5:57  Stalker x2  
  73  5:59  Probe  
  73  6:03  Probe  
  79  6:07  Probe  
  79  6:11  Probe, Stalker x2  
  84  6:14  Pylon  
  84  6:15  Probe, Pylon, Carrier (Chrono Boost)  
  92  6:20  Probe  
  84  6:40  Stalker x5  
  84  6:43  Probe  
  84  6:44  Probe  
  96  6:48  Shield Battery  
  96  6:52  Probe  
  97  6:55  Probe  
  97  6:58  Probe  
  94  7:04  Probe  
  94  7:07  Probe  
  94  7:08  Stalker x3  
  90  7:12  Probe  
  82  7:16  Probe  
  78  7:24  Stalker x2  
Show
View Real Time Build Order
Export as new Build Order

DRG Zerg - Winner!

Build Orders: Hatch First 

Get SALT Encoding   

  12  0:00  Drone  
  13  0:08  Drone  
  14  0:16  Overlord  
  14  0:40  Hatchery  
  13  0:44  Drone  
  13  0:48  Drone  
  15  0:52  Drone  
  15  0:56  Drone  
  17  1:07  Drone  
  18  1:11  Extractor  
  18  1:16  Spawning Pool  
  16  1:19  Drone  
  17  1:28  Drone  
  18  1:39  Drone  
  19  1:50  Drone  
  19  1:53  Drone  
  21  2:00  Overlord  
  21  2:03  Queen x2  
  21  2:04  Zergling x2  
  26  2:11  Zergling x2  
  26  2:14  Drone  
  28  2:20  Metabolic Boost  
  28  2:22  Drone  
  29  2:25  Drone  
  30  2:33  Drone  
  31  2:42  Hatchery  
  30  2:48  Queen  
  32  2:52  Overlord  
  32  2:55  Drone  
  32  2:58  Drone  
  34  3:00  Drone  
  34  3:01  Drone  
  36  3:06  Overlord  
  36  3:12  Queen  
  38  3:16  Drone  
  38  3:17  Drone  
  40  3:21  Drone  
  40  3:25  Zergling x4  
  43  3:29  Queen  
  43  3:32  Drone  
  46  3:34  Drone  
  46  3:38  Overlord  
  46  3:40  Drone  
  48  3:44  Drone  
  48  3:45  Drone x2  
  51  3:50  Drone  
  51  3:53  Queen  
  54  3:57  Queen  
  54  4:01  Drone x2  
  58  4:05  Spore Crawler  
  58  4:07  Drone  
  58  4:08  Drone  
  59  4:13  Overlord  
  59  4:14  Evolution Chamber  
  59  4:16  Drone x3  
  61  4:21  Drone x3  
  64  4:25  Overlord  
  64  4:28  Drone x2  
  64  4:31  Overlord  
  66  4:34  Drone  
  67  4:38  Drone  
  67  4:41  Zerg Melee Weapons Level 1  
  67  4:43  Zergling x4  
  67  4:45  Drone x3  
  73  4:50  Drone x5  
  78  4:56  Drone  
  79  5:03  Drone x3  
  80  5:08  Extractor, Hatchery  
  80  5:10  Baneling Nest  
  80  5:13  Zergling x10  
  82  5:16  Overlord  
  82  5:18  Overlord  
  82  5:21  Overlord  
  82  5:25  Overlord x2  
  82  5:29  Overlord  
  82  5:32  Overlord x2  
  82  5:38  Zergling x8  
  86  5:43  Zergling x8  
  86  5:48  Zergling x8  
  92  5:52  Zergling x2  
  92  5:56  Zergling x8  
  95  6:01  Zergling x2  
  97  6:04  Zergling x2  
  97  6:05  Baneling x10  
  97  6:09  Zergling x2  
  97  6:10  Zergling x2  
  99  6:14  Zergling x8  
  99  6:18  Zergling x6  
  106  6:24  Overlord  
  106  6:29  Zergling x6  
  106  6:37  Zergling x8  
  104  6:43  Zergling x18, Roach Warren  
  110  6:51  Zergling x6  
  109  7:00  Zergling x8  
  106  7:06  Zergling x6  
  103  7:11  Zergling x14  
  115  7:30  Extractor  
Tags
 
Add a new tag
Caveats
  • Supply blocks, unpowered buildings, or Contaminate may cause inaccurate times.
  • Supply counts are checked every 10 seconds.